 Dungeon Crawl Stone Soup version 0.24.0-7-gb3623d2c88 (webtiles) character file.

Game seed: 814958272826609225, levelgen mode: deterministic

71369 wullow the Spear-Bearer (level 15, -12/115 HPs)
             Began as a Merfolk Venom Mage on Nov 2, 2019.
             Was the Champion of Okawaru.
             Mangled by Saint Roka
             ... wielding a +2 halberd of flaming
              (18 damage)
             ... on level 2 of the Orcish Mines.
             The game lasted 02:33:58 (33342 turns).

wullow the Spear-Bearer (Merfolk Venom Mage)       Turns: 33342, Time: 02:33:58

Health: -12/115    AC: 14    Str: 10    XL:     15   Next: 36%
Magic:  25/29      EV: 24    Int: 17    God:    Okawaru [******]
Gold:   1322       SH:  7    Dex: 17    Spells: 10/34 levels left

rFire    + . .     SeeInvis +   a - +5 demon trident (elec)
rCold    . . .     Gourm    +   x - +1 buckler {reflect}
rNeg     . . .     Faith    .   H - +3 leather armour {rF+}
rPois    .         Spirit   .   C - +2 hat
rElec    .         Reflect  +   i - +0 cloak of Okawaru's Indignation {MR+}
rCorr    .         Harm     .   N - +1 pair of gloves
MR       ++...                  h - +2 pair of boots {Fly}
Stlth    ++++......             Z - amulet of the gourmand
HPRegen  0.29/turn              V - +6 ring of evasion
MPRegen  0.21/turn              k - ring of see invisible

@: flying
A: change form in water, swift swim, stealthy swim
a: Heroism, Finesse, Renounce Religion, Stop Flying


You were on level 2 of the Orcish Mines.
You worshipped Okawaru.
Okawaru was exalted by your worship.
You were completely stuffed.

You visited 4 branches of the dungeon, and saw 21 of its levels.

You collected 1322 gold pieces.

Inventory:

Hand Weapons
 a - a +5 demon trident of electrocution (weapon)
 F - the +7 lajatang of Order {silver, rMut}
   (You found it on level 3 of the Lair of Beasts)

   It protects you from mutation.
Missiles
 b - 7 curare-tipped darts
 u - 36 poisoned darts (quivered)
Armour
 h - a +2 pair of boots of flying (worn)
 i - the +0 cloak of Okawaru's Indignation (worn) {MR+}
   (Okawaru gifted it to you on level 5 of the Lair of Beasts)

   It affects your resistance to hostile enchantments.
 x - a +1 buckler of reflection (worn)
 C - a +2 hat (worn)
 H - a +3 leather armour of fire resistance (worn)
 N - a +1 pair of gloves (worn)
 T - a +1 ring mail of magic resistance
 U - the +0 troll leather armour of the Gloaming {rC++ Regen+ Stlth-}
   (You found it on level 6 of the Lair of Beasts)

   It greatly protects you from cold.
   It increases your rate of regeneration.
   It makes you less stealthy.
Jewellery
 k - a ring of see invisible (right hand)
 A - an uncursed ring of positive energy
 O - an uncursed ring of magical power
 R - an uncursed ring of poison resistance
 V - a +6 ring of evasion (left hand)
 Z - an amulet of the gourmand (around neck)
Wands
 f - a wand of disintegration (3)
 l - a wand of iceblast (21)
 B - a wand of paralysis (17)
 I - a wand of enslavement (8)
 J - a wand of polymorph (26)
 Q - a wand of digging (16)
 X - a wand of acid (12)
Scrolls
 d - 6 scrolls of teleportation
 e - 2 scrolls of immolation
 j - 6 scrolls of fog
 n - 9 scrolls of remove curse
 p - 4 scrolls of amnesia
 v - 5 scrolls of blinking
 z - 3 scrolls of identify
 S - 8 scrolls of magic mapping
Potions
 g - 2 potions of might
 o - 4 potions of curing
 q - 2 potions of cancellation
 r - 2 potions of mutation
 s - 2 potions of berserk rage
 t - 5 potions of heal wounds
 D - 4 potions of brilliance
 E - 2 potions of haste
 G - 2 potions of flight
 K - a potion of ambrosia
 L - 2 potions of agility
Miscellaneous
 M - a fan of gales
Comestibles
 c - 24 rations
 m - 12 chunks of flesh


   Skills:
 + Level 10.1 Fighting
 - Level 14.0 Polearms
 + Level 9.2 Dodging
 + Level 9.4 Stealth
 - Level 6.0 Shields
 - Level 10.0 Spellcasting
 - Level 5.0 Conjurations
 - Level 6.0 Hexes
 - Level 6.0 Charms
 - Level 4.0 Necromancy
 - Level 6.0 Translocations
 - Level 4.0 Air Magic
 - Level 8.0 Poison Magic
 + Level 5.5 Invocations
 - Level 5.0 Evocations


You had 10 spell levels left.
You knew the following spells:

 Your Spells              Type           Power        Failure   Level  Hunger
a - Confusing Touch       Hex            ####..       1%          1    None
b - Poisonous Vapours     Pois/Air       ####..       1%          2    None
c - Mephitic Cloud        Conj/Pois/Air  ####....     3%          3    None
d - Regeneration          Chrm/Necr      ####......   4%          3    None
e - Spectral Weapon       Hex/Chrm       ####....     3%          3    None
f - Apportation           Tloc           ####..       1%          1    None
g - Teleport Other        Tloc           ####....     3%          3    None
h - Shroud of Golubria    Chrm/Tloc      ####..       1%          2    None
i - Passage of Golubria   Tloc           N/A          10%         4    ###....
j - Blink                 Tloc           N/A          1%          2    None

Your spell library contained the following spells:

 Spells                   Type           Power        Failure   Level  Hunger
 Infusion                 Chrm           ####         1%          1    None
 Sting                    Conj/Pois      ####         1%          1    None
 Song of Slaying          Chrm           ####....     1%          2    None
 Animate Skeleton         Necr           N/A          2%          1    None
 Corpse Rot               Necr           N/A          3%          2    None
 Sublimation of Blood     Necr           ###.......   3%          2    None
 Gell's Gravitas          Tloc           ####......   3%          3    None
 Lesser Beckoning         Tloc           ####......   3%          3    None
 Olgreb's Toxic Radiance  Pois           #####...     4%          4    ###....
 Spider Form              Tmut/Pois      ###.......   7%          3    None
 Summon Guardian Golem    Hex/Summ       ###.....     10%         3    None
 Beastly Appendage        Tmut           #.....       12%         1    None
 Summon Small Mammal      Summ           #...         12%         1    None
 Call Imp                 Summ           #.......     17%         2    None
 Sticks to Snakes         Tmut           #.......     17%         2    None
 Venom Bolt               Conj/Pois      ####......   22%         5    #####..
 Call Canine Familiar     Summ           #.......     34%         3    None
 Excruciating Wounds      Chrm/Necr      ####......   38%         5    #####..
 Summon Lightning Spire   Summ/Air       ###.....     45%         4    ###....
 Bolt of Draining         Conj/Necr      ###.......   45%         5    #####..
 Agony                    Necr           ###.....     52%         5    #####..
 Dispel Undead            Necr           ###.....     52%         5    #####..
 Ice Form                 Ice/Tmut       #.......     75%         4    ###....
 Summon Ice Beast         Ice/Summ       #.......     75%         4    ###....
 Blade Hands              Tmut           #.........   97%         5    #####..


Dungeon Overview and Level Annotations

Branches:
Dungeon (12/15)            Temple (1/1) D:7            Lair (6/6) D:10
  Swamp (0/4) Lair:3       Spider (0/4) Lair:4        Slime (0/5) Lair:6
    Orc (2/2) D:12            Elf (0/3) Orc:2

Altars:
Ashenzari
Cheibriados
Dithmenos
Elyvilon
Fedhas
Gozag
Hepliaklqana
Kikubaaqudgha
Makhleb
Nemelex Xobeh
Okawaru
Qazlal
Ru
Sif Muna
Trog
Uskayaw
Vehumet
Wu Jian
Xom
Yredelemnul
Zin
The Shining One
Beogh

Shops:
Orc:2 ((

Annotations:
D:4 exclusion: upstairs
D:9 Erica
Lair:1 2 transporters, Dunwar's ghost, journeyman GnCK
Orc:2 Saint Roka


Message History

Saint Roka is moderately wounded.
Your spectral weapon hits Saint Roka.
Lightning courses through Saint Roka!! You block Saint Roka's attack.
Unknown command.
You hit Saint Roka but do no damage.
Saint Roka is heavily wounded.
Your spectral weapon hits Saint Roka but does no damage.
You hit Saint Roka but do no damage.
Saint Roka is heavily wounded.
Your spectral weapon hits Saint Roka but does no damage.
Saint Roka hits you but does no damage.
You hit Saint Roka but do no damage.
Saint Roka is heavily wounded.
Your hands stop glowing.
Your spectral weapon hits Saint Roka but does no damage.
You hit Saint Roka.
Saint Roka is heavily wounded.
Your spectral weapon hits Saint Roka but does no damage.
Saint Roka hits you with a +2 halberd of flaming!!
You die...

##.........##..........
##...#####..............
#..###._.###............
##.##......∩##.....##....
#..###8...8###.....#.............
..#####...#####.#................
..#...#...#...#..(...............
..#...')..)...#..o...............
..#...#...#...#.@###.........#...
..#####.8.#####[## ##............
..#)..#)..#..)#.# #......#......
..#.).)...')..#.####........#....
..#...#...#)..#.#.##.######..#...
..#####)..#####......#....#..÷...
).## #8)).8# ##......)...8#......
...###.)...###..#...)######...#..
.....##)''##...#............#....


You could see Saint Roka and a friendly spectral +5 demon trident of
electrocution.

Vanquished Creatures
  Rupert (D:12)
  Jorgrun (Orc:2)
  Gastronok (Lair:2)
  Kirke (D:12)
  Snorg (Orc:2)
  8 hydras
  A merfolk avatar (Lair:6)
  A death knight (D:11)
  2 two-headed ogres (D:9)
  The ghost of night the Transmogrifier, a novice DrTm of Sif Muna (D:12)
  A tengu warrior (D:10)
  7 death yaks
  Sonja (Lair:2)
  Nergalle (D:12)
  A sea snake (Lair:6)
  2 unseen horrors
  3 orc knights
  3 harpies (Lair:6)
  A phantasmal warrior (D:11)
  A deep elf mage (D:12)
  A manticore (D:11)
  2 orc sorcerers
  A cyclops (Orc:2)
  7 elephants
  3 black mambas
  Maurice (D:12)
  Joseph (D:8)
  11 spiny frogs
  An eye of devastation (Lair:6)
  4 rime drakes (Lair:6)
  9 komodo dragons
  4 trolls
  A tyrant leech (Lair:3)
  11 polar bears
  A hornet (Lair:6)
  14 blink frogs
  4 hippogriffs
  A vampire (D:11)
  A wyvern (D:12)
  3 wraiths
  46 yaks
  A hungry ghost (D:12)
  Grum (D:9)
  6 basilisks
  A steam dragon (D:10)
  4 wargs
  13 water moccasins
  A swamp worm (Lair:3)
  14 porcupines
  5 sky beasts
  4 black bears
  An ice beast (D:7)
  22 orc warriors
  An eye of draining (Lair:6)
  10 ogres
  3 phantoms
  9 wolves
  25 crocodiles
  9 centaurs
  2 big kobolds
  16 bullfrogs
  A gnoll sergeant (D:10)
  8 scorpions
  11 killer bees
  3 electric eels (D:12)
  5 howler monkeys
  4 hounds
  2 jellies
  A quasit (D:7)
  4 centaur skeletons
  2 bullfrog skeletons
  A gnoll shaman (D:12)
  29 orc priests
  2 bullfrog zombies
  30 orc wizards
  Natasha (thrice) (D:4)
  3 iguanas
  11 worker ants
  A hound skeleton (D:10)
  A howler monkey zombie (D:7)
  23 gnolls
  10 adders
  6 shadow imps
  3 oozes
  An adder skeleton (D:5)
  An adder zombie (D:8)
  4 worms
  3 dart slugs
  6 leopard geckos
  100 orcs
  14 bats
  9 giant cockroaches
  10 goblins
  6 hobgoblins
  14 jackals
  21 kobolds
  3 quokkas
  5 frilled lizards
  A leopard gecko skeleton (D:5)
  8 rats
  A bush (Lair:2)
  3 spectral weapons
688 creatures vanquished.

Vanquished Creatures (collateral kills)
  A spectral weapon (D:11)
1 creature vanquished.

Vanquished Creatures (others)
  2 humans (D:12)
  An orc warrior (Orc:1)
  A killer bee (D:12)
  11 fungi
  9 plants
  40 spectral weapons
64 creatures vanquished.

Grand Total: 753 creatures vanquished

Notes
Turn   | Place    | Note
-------+----------+-------------------------------------------
     0 | D:1      | wullow the Merfolk Venom Mage began the quest for the Orb.
     0 | D:1      | Reached XP level 1. HP: 13/13 MP: 3/3
   131 | D:1      | Reached skill level 1 in Conjurations
   272 | D:1      | Reached XP level 2. HP: 18/19 MP: 1/5
   276 | D:1      | Learned a level 2 spell: Poisonous Vapours
   802 | D:1      | Reached XP level 3. HP: 24/24 MP: 3/6
   807 | D:1      | Learned a level 3 spell: Mephitic Cloud
  1775 | D:2      | Reached XP level 4. HP: 30/30 MP: 4/8
  1915 | D:2      | Reached skill level 1 in Air Magic
  2261 | D:2      | Reached skill level 1 in Shields
  2759 | D:2      | Reached XP level 5. HP: 35/35 MP: 4/9
  2812 | D:3      | Found an opulent altar of Gozag.
  3681 | D:3      | Found a shimmering blue altar of Sif Muna.
  3691 | D:3      | Reached XP level 6. HP: 40/41 MP: 2/11
  3784 | D:3      | Identified Sif Muna's Reference Book on Translocation
  4374 | D:4      | Got a faintly glowing leather armour
  4428 | D:4      | Identified the +1 leather armour "Earthly Heaven" {Dex+3}
                  | (You found it on level 4 of the Dungeon)
  4722 | D:4      | Noticed Natasha
  4727 | D:4      | Killed Natasha
  4901 | D:4      | Reached XP level 7. HP: 46/46 MP: 8/12
  4963 | D:4      | Noticed Natasha
  4968 | D:4      | Killed Natasha
  5064 | D:4      | Noticed Natasha
  5070 | D:4      | Killed Natasha
  5295 | D:4      | Found a shimmering altar of Xom.
  5400 | D:5      | Entered Level 5 of the Dungeon
  5546 | D:5      | Reached skill level 5 in Poison Magic
  5740 | D:5      | Reached skill level 1 in Polearms
  5740 | D:5      | Reached XP level 8. HP: 51/53 MP: 5/14
  5846 | D:5      | Reached skill level 1 in Fighting
  6397 | D:5      | Reached skill level 2 in Polearms
  6400 | D:5      | Found a white marble altar of Elyvilon.
  7370 | D:6      | Reached skill level 3 in Polearms
  7781 | D:6      | Reached skill level 5 in Spellcasting
  7811 | D:6      | Reached skill level 4 in Polearms
  8052 | D:6      | Reached XP level 9. HP: 59/64 MP: 6/16
  8253 | D:7      | Reached skill level 5 in Polearms
  8446 | D:7      | Found a staircase to the Ecumenical Temple.
  8450 | Temple   | Entered the Ecumenical Temple
  8505 | Temple   | Became a worshipper of Warmaster Okawaru
  8547 | D:7      | Found a burning altar of Makhleb.
  8551 | D:7      | Found a glowing silver altar of Zin.
  8552 | D:7      | Noticed a balrug
  8552 | D:7      | Noticed an angel
  8693 | D:7      | Found a sacrificial altar of Ru.
  8704 | D:7      | Learned a level 3 spell: Regeneration
  8708 | D:7      | Learned a level 3 spell: Spectral Weapon
  8712 | D:7      | Found a snail-covered altar of Cheibriados.
  8712 | D:7      | Found a hazy altar of Hepliaklqana.
  8716 | D:7      | Found a blossoming altar of Fedhas.
  9034 | D:7      | Reached skill level 6 in Polearms
  9116 | D:7      | Reached skill level 1 in Charms
  9174 | D:7      | Reached skill level 1 in Hexes
  9650 | D:7      | Reached skill level 1 in Necromancy
  9944 | D:8      | Noticed Joseph
  9956 | D:8      | Killed Joseph
  9956 | D:8      | Reached skill level 5 in Fighting
 10242 | D:9      | Reached skill level 7 in Polearms
 10262 | D:9      | Noticed Erica
 10262 | D:9      | Noticed a troll
 10304 | D:8      | Reached * piety under Okawaru
 10634 | D:9      | Reached XP level 10. HP: 74/74 MP: 11/19
 11318 | D:9      | Reached skill level 8 in Polearms
 11523 | D:9      | Noticed a two-headed ogre
 11564 | D:9      | Killed a two-headed ogre
 11564 | D:9      | Reached ** piety under Okawaru
 11969 | D:9      | Reached skill level 9 in Polearms
 11982 | D:9      | Noticed Grum
 12062 | D:9      | Killed Grum
 12074 | D:9      | Reached *** piety under Okawaru
 12102 | D:9      | Reached skill level 5 in Stealth
 12527 | D:10     | Entered Level 10 of the Dungeon
 12660 | D:10     | Noticed an unseen horror
 12675 | D:10     | Killed an unseen horror
 12675 | D:10     | Reached skill level 5 in Dodging
 12675 | D:10     | Reached XP level 11. HP: 76/81 MP: 4/21
 12684 | D:10     | Noticed a two-headed ogre
 12818 | D:9      | Killed a two-headed ogre
 12818 | D:9      | Reached **** piety under Okawaru
 12818 | D:9      | Reached skill level 10 in Polearms
 12818 | D:9      | Reached skill level 5 in Charms
 13685 | D:9      | Reached skill level 11 in Polearms
 13909 | D:10     | Reached skill level 5 in Hexes
 13975 | D:10     | Reached ***** piety under Okawaru
 14611 | D:10     | Found a staircase to the Lair.
 14939 | D:10     | Noticed a tengu warrior
 14952 | D:10     | Killed a tengu warrior
 15194 | D:11     | Noticed a manticore
 15204 | D:11     | Killed a manticore
 15389 | D:11     | Reached skill level 12 in Polearms
 15739 | D:11     | Received a gift from Okawaru
 16148 | D:11     | Reached XP level 12. HP: 83/89 MP: 2/22
 16703 | D:11     | Noticed a death knight
 16743 | Lair:1   | Entered Level 1 of the Lair of Beasts
 16942 | Lair:1   | Learned a level 1 spell: Apportation
 16945 | Lair:1   | Learned a level 2 spell: Song of Slaying
 16948 | Lair:1   | Learned a level 2 spell: Shroud of Golubria
 16961 | Lair:1   | Found a transporter.
 17000 | Lair:1   | Found the ring of the Mage {Wiz MR++ Int+3}
 17416 | Lair:1   | Found a transporter.
 17492 | Lair:1   | Noticed Dunwar's ghost (journeyman GnCK)
 18712 | Lair:2   | Noticed Gastronok
 18713 | Lair:2   | Noticed Sonja
 18733 | Lair:2   | Killed Sonja
 18733 | Lair:2   | Reached skill level 1 in Translocations
 19002 | Lair:2   | Identified 2 scrolls of acquirement
 19267 | Lair:2   | Killed Gastronok
 19267 | Lair:2   | Reached ****** piety under Okawaru
 19267 | Lair:2   | Reached skill level 13 in Polearms
 19353 | Lair:2   | Got an ichor-stained scimitar
 19354 | Lair:2   | Identified the cursed +0 scimitar of Jiciz {freeze, rF+}
                  | (You found it on level 2 of the Lair of Beasts)
 19393 | Lair:2   | Noticed a six-headed hydra
 19405 | Lair:2   | Killed a six-headed hydra
 19405 | Lair:2   | Received a gift from Okawaru
 20149 | Lair:3   | Noticed a five-headed hydra
 20161 | Lair:3   | Killed a five-headed hydra
 20178 | Lair:3   | Reached XP level 13. HP: 86/96 MP: 4/24
 20475 | Lair:3   | Learned a level 4 spell: Passage of Golubria
 20498 | Lair:3   | Found the +7 lajatang of Order {silver, rMut}
 20619 | Lair:3   | Got a slimy spear
 20664 | Lair:3   | Learned a level 1 spell: Confusing Touch
 20815 | Lair:3   | Found a staircase to the Swamp.
 21752 | Lair:4   | Found a hole to the Spider Nest.
 21961 | Lair:4   | Received a gift from Okawaru
 22259 | Lair:4   | Reached skill level 14 in Polearms
 24082 | Lair:4   | Reached skill level 5 in Conjurations
 24508 | Lair:4   | Reached skill level 5 in Shields
 24777 | Lair:5   | Reached XP level 14. HP: 108/108 MP: 1/26
 25245 | Lair:4   | Identified the +3 spear of Shame {venom, Dex+7} (You found
                  | it on level 3 of the Lair of Beasts)
 25510 | Lair:5   | Learned a level 2 spell: Blink
 25526 | Lair:5   | Received a gift from Okawaru
 25527 | Lair:5   | Got a shimmering cloak {god gift}
 25538 | Lair:5   | Identified the +0 cloak of Okawaru's Indignation {MR+}
                  | (Okawaru gifted it to you on level 5 of the Lair of Beasts)
 25945 | Lair:6   | Entered Level 6 of the Lair of Beasts
 26761 | Lair:6   | Reached skill level 1 in Invocations
 26761 | Lair:6   | Reached skill level 1 in Evocations
 27013 | Lair:6   | Reached skill level 10 in Fighting
 27176 | Lair:6   | Found a staircase to the Slime Pits.
 27748 | Lair:6   | Got a brightly glowing troll leather armour
 28078 | Lair:6   | Identified the cursed +0 troll leather armour of the
                  | Gloaming {rC++ Regen+ Stlth-} (You found it on level 6 of
                  | the Lair of Beasts)
 28402 | D:11     | Reached skill level 5 in Translocations
 29121 | D:12     | Received a gift from Okawaru
 29145 | D:12     | Noticed Maurice
 29159 | D:12     | Killed Maurice
 29289 | D:12     | Found a shattered altar of Ashenzari.
 29317 | D:12     | Noticed Kirke
 29333 | D:12     | Killed Kirke
 29512 | D:12     | Noticed Rupert
 29529 | D:12     | Killed Rupert
 29596 | D:12     | Found a staircase to the Orcish Mines.
 30167 | D:12     | Noticed Nergalle
 30186 | D:12     | Killed Nergalle
 30186 | D:12     | Reached XP level 15. HP: 99/115 MP: 12/28
 30262 | D:12     | Learned a level 3 spell: Teleport Other
 30291 | D:12     | Noticed night's ghost (novice DrTm)
 30294 | D:12     | Found a runed translucent door.
 30326 | D:12     | Killed night's ghost
 30889 | Orc:1    | Entered Level 1 of the Orcish Mines
 31587 | Orc:1    | Found a roughly hewn altar of Beogh.
 31808 | Orc:2    | Entered Level 2 of the Orcish Mines
 32373 | Orc:2    | Found a roughly hewn altar of Beogh.
 32499 | Orc:2    | Found Baxarghu's Antique Weapon Boutique.
 32523 | Orc:2    | Noticed Snorg
 32538 | Orc:2    | Killed Snorg
 32538 | Orc:2    | Reached skill level 10 in Spellcasting
 32642 | Orc:2    | Found a staircase to the Elven Halls.
 32707 | Orc:2    | Found a roughly hewn altar of Beogh.
 32828 | Orc:2    | Noticed Jorgrun
 32837 | Orc:2    | Killed Jorgrun
 32837 | Orc:2    | Reached skill level 5 in Invocations
 32837 | Orc:2    | Reached skill level 5 in Evocations
 32867 | Orc:2    | Found a roughly hewn altar of Beogh.
 32969 | Orc:2    | Found a roughly hewn altar of Beogh.
 33070 | Orc:2    | Noticed Saint Roka
 33213 | Orc:2    | Found Buweavidd's Antique Weapon Shoppe.
 33218 | Orc:2    | Found a roughly hewn altar of Beogh.
 33221 | Orc:2    | Found Wekhleux's Antique Armour Emporium.
 33334 | Orc:2    | HP: 5/115 [Saint Roka/+2 halberd of flaming (1)]
 33342 | Orc:2    | Mangled by Saint Roka

Levels and vault maps discovered:
D:1:      wheals_arrival_shading, layout_loops_ring
D:2:      layout_basic, first_ration
D:3:      layout_rooms, led_sif_book, nicolae_gozag_seed_capital
D:4:      cheibrodos_quashed, layout_rooms, minmay_door_square, led_xom_imps,
          uniq_natasha
D:5:      layout_layer_cave, elyvilon_altar_1
D:6:      layout_basic
D:7:      layout_rooms, grunt_temple_overflow_order_and_chaos_2, minitemple,
          minmay_temple_entry_trees
D:8:      layout_cave_pools, hangedman_abyss_or_decor_jellyfish_corner,
          uniq_joseph
D:9:      layout_basic, uniq_erica, uniq_grum
D:10:     layout_cave_pools, minmay_lair_entry_grove, grunt_tengu_nest
D:11:     layout_cross
D:12:     layout_layer_cave, david_orc_1_choice, hellmonk_ghost_happy_afterlife,
          chequers_big_river, minmay_misc_feat_four_crosses, ashenzari_altar_1,
          uniq_maurice, uniq_rupert, uniq_nergalle, uniq_kirke
Temple:   cyrus_circular_temple
Lair:1:   beast_lair_carwin_large_2, layout_cave_pods, gammafunk_ghost_hive
Lair:2:   layout_hall_layers, uniq_sonja, uniq_gastronok
Lair:3:   layout_small_grid, palyth_hydra_swamp_entry
Lair:4:   layout_cave_pods, nicolae_spider_entry_non_spiders
Lair:5:   layout_long_grid, serial_bayou_pond_b, beast_lair_carwin_7,
          grunt_megastairs_5
Lair:6:   gammafunk_lair_ancient_temple, layout_gridlike,
          minmay_slime_entry_eyes
Orc:1:    layout_caves, basic_altar, serial_shops, shop
Orc:2:    grunt_orc_community_town_hall, layout_caves,
          grunt_orc_community_big_house_1, grunt_orc_community_big_house_1,
          grunt_orc_community_house_3, grunt_orc_community_house_2,
          grunt_orc_community_house_1, grunt_orc_community_house_1,
          grunt_orc_community_house_1, grunt_orc_community_house_2, basic_altar,
          serial_shops, shop, uniq_snorg, uniq_jorgrun

Skill      XL: |  1  2  3  4  5  6  7  8  9 10 11 12 13 14 15 |
---------------+----------------------------------------------+-----
Conjurations   | 1 2 3 4 5 |  5.0
Air Magic      | 1 2 3 4 |  4.0
Spellcasting   | 3 4 5 6 7 8 9 10 | 10.0
Shields        | 1 2 3 4 5 6 |  6.0
Poison Magic   | 4 5 6 7 8 |  8.0
Polearms       | 1 4 7 9 12 13 14 | 14.0
Fighting       | 3 5 6 7 9 10 | 10.1
Stealth        | 3 5 7 8 9 |  9.4
Dodging        | 3 5 7 8 9 |  9.2
Charms         | 3 4 5 6 |  6.0
Hexes          | 2 4 5 6 |  6.0
Necromancy     | 1 3 4 |  4.0
Translocations | 1 3 5 6 |  6.0
Invocations    | 3 5 |  5.5
Evocations     | 3 5 |  5.0

Action                   |  1- 3 |  4- 6 |  7- 9 | 10-12 | 13-15 || total
-------------------------+-------+-------+-------+-------+-------++-------
Melee: Dagger            |    17 |    23 |       |       |       ||    40
       Spear             |       |    56 |       |       |       ||    56
       Trident           |       |    28 |   302 |   449 |       ||   779
       Demon trident     |       |       |       |    41 |   669 ||   710
       Tailslap          |       |       |       |       |     2 ||     2
Throw: Dart              |       |       |     2 |     5 |    12 ||    19
 Cast: Sting             |    35 |    27 |    11 |     3 |       ||    76
       Poisonous Vapours |    24 |    85 |   163 |   388 |   409 ||  1069
       Mephitic Cloud    |       |       |     1 |    14 |    13 ||    28
       Spectral Weapon   |       |       |       |    48 |   131 ||   179
       Regeneration      |       |       |       |     4 |    21 ||    25
       Confusing Touch   |       |       |       |       |    27 ||    27
       Shroud of Golubri |       |       |       |       |    13 ||    13
  Use: Scroll            |       |     7 |     3 |    17 |    16 ||    43
       Potion            |       |       |       |     1 |       ||     1
 Stab: Sleeping          |       |       |     4 |       |    13 ||    17
       Distracted        |       |       |       |     2 |     2 ||     4
       Confused          |       |       |       |     9 |    25 ||    34
  Eat: Chunk             |     5 |    11 |    17 |    26 |    55 ||   114
       Ration            |       |     1 |     1 |     2 |     1 ||     5
Armor: Robe              |     6 |     9 |       |       |       ||    15
       Leather armour    |       |    14 |   121 |    57 |    75 ||   267
Dodge: Dodged            |    22 |    61 |   189 |   379 |   397 ||  1048
Block: Buckler           |       |    16 |    73 |   108 |   162 ||   359
       Reflection        |       |       |       |       |    13 ||    13
